Map: Oxide LE

Players

黑羽快斗 (ButAlways) - Winner!

  • Race: Protoss Protoss
  • League: Grandmaster
  • Spawn Location: 7:00

GogojOey

  • Race: Zerg Zerg
  • Spawn Location: 1:00

Event: DreamHack SC2 Masters 2020 Winter

VOD

Have the link to the VOD?

Description

Time

  • Played on: Oct. 22, 2020, 8:24 a.m.
  • Length: 13:43

All games in this series

Show
View Real Time Build Order
Export as new Build Order

黑羽快斗 Protoss - Winner!

Build Orders: 1 Gate Expand, Carriers, Mass Phoenix 

Get SALT Encoding   

  12  0:00  Probe  
  13  0:12  Probe  
  14  0:19  Pylon  
  14  0:24  Probe  
  15  0:37  Probe (Chrono Boost)  
  15  0:40  Gateway  
  16  0:46  Probe (Chrono Boost)  
  16  0:47  Assimilator  
  17  0:51  Probe (Chrono Boost)  
  18  1:03  Probe  
  19  1:15  Probe  
  20  1:23  Nexus  
  20  1:33  Cybernetics Core  
  20  1:36  Probe  
  21  1:43  Assimilator  
  21  1:48  Probe  
  21  1:51  Pylon  
  22  2:01  Probe  
  22  2:07  Adept (Chrono Boost)  
  23  2:13  Probe (Chrono Boost)  
  26  2:18  Stargate  
  27  2:23  Probe (Chrono Boost)  
  27  2:28  Probe (Chrono Boost)  
  27  2:29  Adept  
  27  2:32  Warp Gate  
  27  2:35  Probe (Chrono Boost)  
  32  2:44  Probe (Chrono Boost)  
  32  2:47  Probe (Chrono Boost)  
  32  2:53  Probe (Chrono Boost)  
  32  2:54  Probe (Chrono Boost)  
  32  2:57  Void Ray (Chrono Boost)  
  34  3:01  Probe  
  34  3:04  Probe  
  40  3:13  Probe  
  40  3:16  Probe  
  42  3:20  Assimilator  
  42  3:23  Assimilator, Gateway  
  42  3:28  Probe x2  
  42  3:29  Pylon  
  44  3:38  Void Ray (Chrono Boost)  
  44  3:40  Probe x2  
  50  3:52  Stargate, Probe  
  50  3:53  Probe  
  50  3:54  Pylon  
  50  4:04  Probe  
  50  4:05  Probe  
  50  4:08  Pylon  
  52  4:14  Phoenix (Chrono Boost)  
  52  4:16  Probe  
  55  4:17  Probe  
  56  4:26  Zealot x2  
  56  4:31  Phoenix (Chrono Boost)  
  62  4:40  Probe  
  62  4:41  Protoss Air Weapons Level 1  
  62  4:44  Phoenix (Chrono Boost)  
  65  4:48  Probe  
  66  4:54  Pylon  
  68  5:01  Phoenix (Chrono Boost)  
  68  5:05  Phoenix (Chrono Boost), Nexus  
  68  5:06  Pylon  
  70  5:16  Probe x2  
  70  5:19  Phoenix  
  74  5:25  Phoenix  
  76  5:28  Probe  
  76  5:29  Shield Battery  
  76  5:30  Pylon  
  76  5:31  Probe  
  78  5:42  Probe  
  79  5:44  Phoenix  
  79  5:46  Probe  
  82  5:50  Phoenix  
  82  5:59  Probe  
  82  6:00  Probe  
  84  6:09  Phoenix  
  84  6:11  Probe  
  83  6:13  Probe  
  83  6:16  Fleet Beacon  
  86  6:19  Probe  
  86  6:23  Adept x2, Probe  
  86  6:25  Probe  
  93  6:27  Stargate  
  93  6:31  Probe  
  94  6:35  Assimilator, Probe  
  94  6:37  Pylon, Probe  
  94  6:38  Assimilator  
  94  6:43  Probe  
  94  6:46  Pylon  
  95  6:47  Probe  
  95  6:49  Probe  
  97  6:55  Probe  
  97  6:59  Probe  
  97  7:01  Probe  
  110  7:04  Forge, Carrier (Chrono Boost)  
  110  7:08  Pylon  
  110  7:09  Carrier (Chrono Boost)  
  116  7:24  Carrier (Chrono Boost)  
  116  7:32  Zealot x2  
  118  7:38  Shield Battery  
  118  7:39  Shield Battery  
  118  7:41  Photon Cannon, Pylon  
  118  7:47  Pylon  
  122  7:55  Carrier (Chrono Boost)  
  122  7:56  Protoss Air Weapons Level 2 (Chrono Boost)  
  128  8:00  Photon Cannon  
  128  8:04  Carrier (Chrono Boost)  
  128  8:05  Photon Cannon  
  128  8:06  Photon Cannon  
  128  8:19  Carrier (Chrono Boost)  
  132  8:28  Nexus  
  132  8:30  Pylon  
  132  8:40  Adept, Sentry  
  136  8:44  Photon Cannon  
  136  8:45  Photon Cannon  
  136  8:46  Photon Cannon  
  136  8:48  Shield Battery  
  142  8:56  Carrier (Chrono Boost)  
  142  8:59  Pylon  
  148  9:08  Carrier (Chrono Boost)  
  146  9:10  Pylon  
  144  9:22  Protoss Shields Level 1, Carrier (Chrono Boost)  
  144  9:50  Carrier (Chrono Boost)  
  144  9:51  Probe  
  144  9:52  Probe  
  150  9:53  Assimilator  
  150  9:55  Assimilator  
  150  9:56  Photon Cannon  
  150  9:58  Photon Cannon  
  148  10:07  Mothership (Chrono Boost)  
  148  10:08  Carrier  
  162  10:17  Shield Battery  
  162  10:19  Shield Battery  
  162  10:24  Photon Cannon  
  162  10:25  Pylon  
  164  10:37  Probe x2 (Chrono Boost)  
  164  10:42  Carrier  
  170  10:45  Protoss Air Weapons Level 3 (Chrono Boost)  
  164  10:58  Carrier  
  164  11:02  Twilight Council  
  170  11:06  Pylon  
  170  11:21  Carrier  
  170  11:23  Flux Vanes  
  170  11:24  Stargate  
  176  11:31  Robotics Facility, Stargate  
  176  11:55  Carrier  
  176  12:01  Sentry  
  170  12:15  Carrier  
  176  12:19  Zealot  
  176  12:22  Carrier  
  184  12:26  Observer  
  185  12:37  Nexus, Carrier  
  185  12:51  Templar Archives  
  185  12:54  Gateway  
  185  12:55  Gateway  
  185  12:57  Gateway  
  185  12:58  Observer  
  186  13:00  Pylon  
Show
View Real Time Build Order
Export as new Build Order

GogojOey Zerg 

Build Orders: Hatch First 

Get SALT Encoding   

  12  0:00  Drone  
  13  0:13  Overlord  
  13  0:17  Drone  
  14  0:32  Drone x2  
  16  0:51  Drone  
  16  0:52  Hatchery  
  16  0:55  Drone  
  17  0:59  Drone  
  18  1:10  Extractor  
  17  1:13  Spawning Pool  
  17  1:16  Drone  
  17  1:20  Drone  
  18  1:28  Drone  
  19  1:39  Drone  
  20  1:50  Drone  
  21  2:02  Zergling x2  
  21  2:03  Queen  
  21  2:04  Queen, Zergling x2  
  27  2:09  Metabolic Boost  
  27  2:11  Overlord  
  27  2:15  Drone  
  28  2:30  Drone x2  
  28  2:34  Drone  
  31  2:42  Queen  
  33  2:50  Hatchery, Overlord  
  32  2:54  Zergling x2  
  32  2:55  Drone  
  33  3:05  Drone x2  
  35  3:13  Spore Crawler  
  35  3:16  Drone x2  
  35  3:19  Drone x2  
  39  3:20  Drone x3  
  39  3:21  Drone  
  43  3:28  Overlord  
  43  3:29  Drone  
  44  3:40  Overlord  
  44  3:42  Spore Crawler  
  44  3:43  Drone  
  44  3:47  Drone  
  44  3:52  Overlord  
  44  3:54  Overlord  
  44  3:55  Lair  
  44  3:57  Overlord  
  44  4:02  Drone x4  
  48  4:03  Drone x2  
  50  4:11  Drone  
  50  4:13  Queen  
  50  4:15  Spore Crawler  
  50  4:16  Drone x2  
  54  4:19  Spore Crawler  
  53  4:25  Queen  
  53  4:26  Drone x2  
  53  4:29  Drone x2  
  59  4:35  Overlord x2  
  59  4:36  Drone  
  61  4:38  Drone  
  61  4:43  Overlord  
  60  4:49  Extractor, Overlord  
  60  4:50  Drone, Extractor  
  60  4:52  Overlord x2  
  58  4:54  Drone  
  58  4:57  Drone x2  
  58  4:58  Drone  
  62  5:07  Queen x2  
  62  5:09  Drone x2  
  62  5:11  Drone  
  62  5:13  Hydralisk Den  
  68  5:14  Drone x2  
  68  5:18  Spore Crawler  
  68  5:19  Drone x2  
  71  5:23  Spore Crawler  
  71  5:25  Drone, Spore Crawler  
  71  5:26  Drone x3  
  74  5:30  Drone  
  74  5:31  Drone x2  
  74  5:33  Drone x3  
  78  5:37  Queen  
  78  5:41  Spore Crawler  
  79  5:43  Hydralisk x2  
  79  5:47  Hydralisk  
  83  5:50  Hydralisk x2  
  83  5:57  Hydralisk x3  
  85  6:03  Extractor  
  85  6:04  Extractor, Hydralisk  
  87  6:05  Queen  
  87  6:09  Queen  
  87  6:11  Hydralisk  
  91  6:17  Queen  
  91  6:23  Drone x2, Grooved Spines  
  91  6:24  Drone x3  
  91  6:25  Drone x3  
  99  6:27  Extractor  
  98  6:35  Hydralisk x2  
  102  6:40  Hydralisk  
  104  6:52  Overlord x3  
  104  6:59  Overlord  
  104  7:00  Overlord  
  104  7:06  Overlord  
  104  7:10  Evolution Chamber, Queen x2  
  104  7:12  Evolution Chamber  
  101  7:25  Drone x3  
  101  7:26  Drone x4  
  101  7:27  Hydralisk  
  101  7:28  Hydralisk x4  
  116  7:34  Muscular Augments  
  116  7:35  Drone x2  
  116  7:36  Drone  
  118  7:38  Zerg Missile Weapons Level 1  
  118  7:39  Zerg Ground Armor Level 1  
  118  7:44  Hydralisk x4  
  126  7:55  Hatchery  
  126  7:57  Hydralisk x5  
  129  8:03  Hydralisk x2  
  129  8:04  Spore Crawler  
  132  8:11  Hydralisk x4  
  138  8:28  Drone  
  138  8:30  Infestation Pit  
  138  8:32  Lurker Den  
  137  8:38  Hydralisk x4  
  137  8:40  Overlord x4  
  145  8:46  Overlord x3  
  145  8:47  Pneumatized Carapace  
  145  8:48  Overseer  
  145  8:52  Overlord  
  145  9:04  Drone x6  
  145  9:05  Drone x2  
  145  9:08  Hive  
  153  9:14  Hydralisk  
  153  9:15  Zergling x18  
  164  9:19  Drone x2  
  166  9:26  Spine Crawler x2  
  160  9:37  Hydralisk x6  
  166  9:58  Drone x5  
  166  9:59  Drone  
  172  10:01  Extractor  
  172  10:03  Extractor  
  158  10:17  Drone x2, Spire  
  159  10:23  Viper x4  
  159  10:25  Zergling x16  
  159  10:26  Queen  
  183  10:29  Drone x2  
  183  10:30  Drone x3  
  183  10:32  Drone x2, Spore Crawler  
  183  10:35  Zerg Missile Weapons Level 2  
  189  10:41  Hatchery  
  189  10:42  Drone, Spore Crawler  
  183  10:43  Spore Crawler  
  183  10:45  Lair  
  171  10:51  Spore Crawler x2  
  171  10:53  Hydralisk x2  
  171  10:54  Hydralisk x4  
  169  11:02  Hydralisk x3  
  173  11:06  Drone x4  
  173  11:08  Zergling x6  
  172  11:19  Hydralisk x6  
  184  11:27  Drone x3  
  184  11:28  Drone x2  
  184  11:31  Hydralisk  
  184  11:32  Hydralisk x2  
  192  11:44  Drone x4  
  196  11:52  Hydralisk  
  196  11:53  Hydralisk  
  198  12:03  Spore Crawler  
  198  12:04  Spore Crawler  
  143  12:16  Corruptor x5  
  143  12:20  Corruptor  
  143  12:22  Zergling x24  
  153  12:27  Queen  
  155  12:41  Corruptor x3  
  155  12:43  Extractor  
  155  12:44  Extractor  
  157  12:50  Spore Crawler x3  
  153  12:51  Corruptor x3  
  153  12:55  Drone x3  
  153  12:58  Drone x3  
  165  13:01  Corruptor  
  167  13:12  Corruptor  
  164  13:15  Overlord  
  159  13:24  Spire  
Tags
 
Add a new tag
Caveats
  • Supply blocks, unpowered buildings, or Contaminate may cause inaccurate times.
  • Supply counts are checked every 10 seconds.